Match 43021942
Unlisted

Match 43021942
End
Pioneer Squad
Construct Infanterie Kompanie
Grenadier Squad
Grenadier Squad
Grenadier Squad
Selects Mechanized Battlegroup
Infanterie Officer Quarters
Grenadier Squad
Construct Luftwaffe Kompanie
221 Scout Car
Jäger Squad
Monsieur Nathan
UMirinBrah?
0
0

Comments sign in to comment!

No comments posted yet!